 Dungeon Crawl Stone Soup version 0.31.0-12-g77e489cdc1 (webtiles) character file.

Game seed: 599065535917837056

268 hawla the Chopper (level 6, -4/40 HPs)
             Began as a Minotaur Fighter on Feb 20, 2024.
             Killed by divine providence
             ... invoked by an orc priest
              (17 damage)
             ... on level 3 of the Dungeon.
             The game lasted 00:05:21 (2175 turns).

hawla the Chopper (Minotaur Fighter)                Turns: 2175, Time: 00:05:22

Health: -4/40      AC:  8    Str: 22    XL:     6   Next: 1%
Magic:  5/5        EV:  9    Int:  9    God:
Gold:   1194       SH:  4    Dex:  8    Spells: 5/5 levels left

rFire   . . .        a - +0 war axe (drain)
rCold   . . .        c - +0 buckler
rNeg    . . .        b - +0 scale mail
rPois   .            e - +0 hat
rElec   .            (no cloak)
rCorr   .            (no gloves)
SInv    .            n - +0 pair of boots
Will    .....        (no amulet) Stlth
                     (no ring)
HPRegen 0.26/turn    (no ring)
MPRegen 0.09/turn

%: no passive effects
@: brilliant, on berserk cooldown, slowed, very slow
A: horns 2, retaliatory headbutt, clever 1, frail 2
a: no special abilities


You were on level 3 of the Dungeon.
You visited 1 branch of the dungeon, and saw 3 of its levels.

You collected 1194 gold pieces.

Inventory:

Hand Weapons
 a - a +0 war axe of draining (weapon)
Missiles
 l - 6 poisoned darts (quivered)
Armour
 b - a +0 scale mail (worn)
 c - a +0 buckler (worn)
 e - a +0 hat (worn)
 n - a +0 pair of boots (worn)
Wands
 g - a wand of flame (29)
 h - a wand of digging (5)
Scrolls
 m - 2 scrolls of identify
 q - a scroll of teleportation {unknown}
 r - a scroll of enchant weapon {unknown}
Potions
 d - a potion of might


   Skills:
 - Level 3.6 Fighting
 + Level 7.6 Axes
 - Level 3.6 Armour
 - Level 3.6 Shields


You had 5 spell levels left.
You didn't know any spells.
Your spell library was empty.

Dungeon Overview and Level Annotations

Branches:
Dungeon (3/15)

Altars:
Elyvilon
Zin
The Shining One

Annotations:
D:2 Sigmund


Innate Abilities, Weirdness & Mutations

You have a pair of horns on your head.
You reflexively headbutt those who attack you in melee.
Your mind is acute. (Int +4, Str/Dex -1)
You are very frail. (-20% HP)


Message History

You closely miss the orc. The orc hits you but does no damage.
You block the orc's attack.
The orc priest hits you but does no damage.
The orc hits you but does no damage.
The orc priest hits you from afar with a +0 trident.
The orc hits you but does no damage. x2
You slash the orc!
You kill the orc!
You hit the orc. You drain the orc. You slash the orc!
You kill the orc!
The orc priest hits you but does no damage.
You have reached level 6!
You hit the orc but do no damage. You drain the orc.
You kill the orc!
You feel less wooden.
Your +0 hat unmelds from your body.
Your +0 pair of boots unmelds from your body.
Your +0 scale mail unmelds from your body.
The orc priest hits you from afar with a +0 trident.
The orc priest barely misses you.
Saving game... please wait.
Welcome back, hawla the Minotaur Fighter.
Press ? for a list of commands and other information.
Found an escape hatch in the floor.
The orc priest hits you with a +0 trident.
An orc comes into view. It is wielding a +0 club.
Things that are here:
a +0 short sword; a +0 hand axe; an orc corpse You closely miss the orc priest.
The orc shouts!
The orc priest hits you but does no damage.
The orc priest calls down the wrath of Beogh upon you.
Pain shoots through your body!
* * * LOW HITPOINT WARNING * * *
You are too injured to fight recklessly!
You closely miss the orc priest. You headbutt the orc priest!
The orc priest is severely wounded.
The orc priest mumbles some strange prayers to Beogh against you.
Beogh smites you!
You die...

#.##.#.#.####.###.## #.
#.##.#............[ #.
#.##.#รท#.####.#.#.# .
.......### #.#.#.###. #
........#####..........>
#..................##.##
#......##.....)(#.......
#.#.>.###.###.#[).....#
#.##.## #.# #..#@..####
#.#### #.# #.#.#oo# .
#.. ...?..###..# .
#.##### .)# #.. ..# ###
... .... ...#


You could see an orc priest and an orc.

Vanquished Creatures
  An orc priest (D:3)
  Terence (D:2)
  Natasha (thrice) (D:2)
  5 gnolls
  An adder (D:2)
  A dart slug (D:1)
  2 ribbon worms (D:3)
  12 orcs (D:3)
  2 ball pythons
  An endoplasm (D:1)
  2 giant cockroaches
  7 goblins
  4 hobgoblins
  4 jackals (D:1)
  3 quokkas (D:1)
  5 bats
  3 frilled lizards
  6 kobolds
  3 rats (D:1)
66 creatures vanquished.

Notes
Turn   | Place    | Note
-------+----------+-------------------------------------------
     0 | D:1      | hawla the Minotaur Fighter began the quest for the Orb.
     0 | D:1      | Reached XP level 1. HP: 19/19 MP: 0/0
   213 | D:1      | Reached skill level 3 in Axes
   229 | D:1      | Reached XP level 2. HP: 26/26 MP: 1/1
   259 | D:1      | You fall into a shaft and drop 1 floor!
   384 | D:1      | Reached skill level 4 in Axes
   596 | D:1      | Reached XP level 3. HP: 31/31 MP: 2/2
   876 | D:2      | Identified a scroll of acquirement
   876 | D:2      | Acquired 1000 gold pieces
  1040 | D:2      | Noticed Sigmund
  1292 | D:2      | Noticed Natasha
  1295 | D:2      | Killed Natasha
  1296 | D:2      | Reached skill level 5 in Axes
  1296 | D:2      | Reached XP level 4. HP: 24/39 MP: 3/3
  1308 | D:2      | Noticed Natasha
  1318 | D:2      | Killed Natasha
  1319 | D:2      | Reached skill level 6 in Axes
  1496 | D:2      | Noticed Natasha
  1501 | D:2      | Killed Natasha
  1502 | D:2      | Reached XP level 5. HP: 33/45 MP: 4/4
  1714 | D:2      | Noticed Terence
  1722 | D:2      | Killed Terence
  1916 | D:3      | Reached skill level 7 in Axes
  2031 | D:3      | Found a glowing silver altar of Zin.
  2031 | D:3      | Found a white marble altar of Elyvilon.
  2032 | D:3      | Found a glowing golden altar of the Shining One.
  2144 | D:3      | HP: 2/45 [orc priest/divine providence (13)]
  2149 | D:3      | Gained mutation: Your mind is acute. (Int +4, Str/Dex -1)
                  | [potion of mutation]
  2149 | D:3      | Gained mutation: You are frail. (-10% HP) [potion of
                  | mutation]
  2149 | D:3      | Gained mutation: You are very frail. (-20% HP) [potion of
                  | mutation]
  2172 | D:3      | Reached XP level 6. HP: 39/40 MP: 5/5
  2175 | D:3      | Killed from afar by an orc priest

Illustrated notes

Levels and vault maps discovered:
D:1:      onia_arrival_mini_maze_b, layout_loops_ring
D:2:      layout_basic, serial_glass, glass_columns_a, glass_columns_a,
          uniq_terence, uniq_natasha, uniq_sigmund
D:3:      layout_loops_ring, good_gods_temple_1

Skill      XL: |  1  2  3  4  5 |
---------------+----------------+-----
Axes           | 3 4 5 6 7 |  7.6
Fighting       | |  3.6
Armour         | |  3.6
Shields        | |  3.6

Action                     |  1- 3 |  4- 6 || total
---------------------------+-------+-------++-------
  Melee: War axe           |    79 |    61 ||   140
         Headbutt          |     7 |     7 ||    14
  Throw: Dart              |       |     2 ||     2
    Use: Scroll            |     4 |     2 ||     6
         Potion            |     1 |     7 ||     8
 Armour: Scale mail        |    46 |    38 ||    84
         Skin              |       |    42 ||    42
  Dodge: Dodged            |    31 |    21 ||    52
  Block: Buckler           |    23 |    12 ||    35
